 Dungeon Crawl Stone Soup version 0.30-a0-867-g305f33218d (webtiles) character file.

Game seed: 468294727807335370

4442 browni3141 the Zephyrmancer (level 10, -2/49 HPs)
             Began as a Vine Stalker Air Elementalist on Mar 10, 2023.
             Was a Believer of Vehumet.
             Slain by a killer bee (4 damage)
             ... on level 9 of the Dungeon.
             The game lasted 00:17:12 (9962 turns).

browni3141 the Zephyrmancer (VSAE)                  Turns: 9962, Time: 00:17:13

Health: -2/49      AC:  6    Str: 11    XL:     10   Next: 37%
Magic:  0/24       EV: 12    Int: 19    God:    Vehumet [**....]
Gold:   400        SH:  0    Dex: 15    Spells: 5/15 levels left

rFire   . . .      SeeInvis .    b - staff of air
rCold   . . .      Faith    +    (no shield)
rNeg    + . .      Spirit   +    e - +0 robe
rPois   .          Reflect  .    y - +0 helmet
rElec   +          Rampage  .    j - +0 cloak
rCorr   .                        (no gloves)
Will    +....                    C - +1 pair of boots of Cefa {+Blink rElec rN+ Stlth-}
Stlth   ++                       q - amulet of faith
HPRegen 1.08/turn                s - ring of magical power
MPRegen 0.19/turn                (no ring)

@: no status effects
A: fangs 3, regeneration 1, magic shield, antimagic bite, no potion heal 2
a: Renounce Religion, Evoke Blink


You were on level 9 of the Dungeon.
You worshipped Vehumet.
Vehumet was pleased with you.
You visited 2 branches of the dungeon, and saw 10 of its levels.

You collected 400 gold pieces.

Inventory:

Hand Weapons
 a - a +2 dagger of draining
 c - a +0 short sword
Armour
 e - a +0 robe (worn)
 j - a +0 cloak (worn)
 y - a +0 helmet (worn)
 C - the +1 pair of boots of Cefa (worn) {+Blink rElec rN+ Stlth-}
   (You found it on level 8 of the Dungeon)

   rElec:     It insulates you from electricity.
   rN:        It protects you from negative energy.
   +Blink:    It lets you blink.
   Stlth:     It makes you less stealthy.
Magical Staves
 b - a staff of air (weapon)
Jewellery
 q - an amulet of faith (around neck)
 s - a ring of magical power (left hand)
Wands
 D - a wand of charming (6)
 E - a wand of polymorph (9)
Scrolls
 f - 3 scrolls of teleportation
 i - 3 scrolls of fog
 l - 2 scrolls of blinking
 m - 3 scrolls of immolation
 n - a scroll of fear
 o - 2 scrolls of amnesia
 p - a scroll of silence
 r - a scroll of enchant armour {unknown}
 t - 4 scrolls of identify
 u - a scroll of enchant weapon {unknown}
 v - a scroll of torment {unknown}
 w - a scroll of magic mapping {unknown}
Potions
 d - 5 potions of curing
 g - 2 potions of brilliance {unknown}
 h - 3 potions of attraction {unknown}
 k - 2 potions of lignification {unknown}
 x - 2 potions of degeneration {unknown}
 z - a potion of might {unknown}
 A - 2 potions of invisibility {unknown}
 B - 2 potions of haste {unknown}


   Skills:
 - Level 3.0 Fighting
 - Level 4.0 Short Blades
 - Level 2.0 Dodging
 - Level 5.0 Stealth
 - Level 3.0 Spellcasting
 - Level 4.0 Conjurations
 * Level 11.9 Air Magic
 * Level 3.8 Evocations


You had 5 spell levels left.
You knew the following spells:

 Your Spells              Type           Power      Damage    Failure   Level
a - Shock                 Conj/Air       100%       1d9       1%          1
b - Static Discharge      Conj/Air       98%        2-7/arc   1%          2
c - Swiftness             Air            64%        N/A       1%          3
d - Airstrike             Air            32%        2d(5-21)  1%          4

Your spell library contained the following spells:

 Spells                   Type           Power      Damage    Failure   Level
 Magic Dart               Conj           72%        1d6       3%          1
 Kindle Blastsparks       Fire/Tloc/Air  52%        2d14      9%          3
 Fulminant Prism          Conj/Hex       5%         3d7       54%         4
 Iskenderun's Mystic Bla  Conj/Tloc      10%        2d4       54%         4
 Lee's Rapid Deconstruct  Erth           1%         3d4*      99%         5


Dungeon Overview and Level Annotations

Branches:
Dungeon (9/15)             Temple (1/1) D:6
   Lair: D:8-11         Orc: D:9-12

Altars:
Ashenzari
Cheibriados
Dithmenos
Elyvilon
Fedhas
Gozag
Hepliaklqana
Kikubaaqudgha
Makhleb
Nemelex Xobeh
Qazlal
Ru
Sif Muna
Uskayaw
Vehumet
Wu Jian
Xom
Yredelemnul
Zin
The Shining One

Shops:
D:4 :   D:6 !   D:7 (


Innate Abilities, Weirdness & Mutations

You have razor-sharp teeth.
Your natural rate of healing is unusually fast.
When hurt, damage is shared between your health and your magic reserves.
Your bite disrupts and absorbs the magic of your enemies.
Potions cannot restore your health.


Message History

Vehumet offers you knowledge of Magic Dart.
You feel your power returning.
The lightning grounds out.
The killer bee closely misses you.
An orc warrior comes into view.
It is wielding a +0 hand axe and carrying a wand of roots (6).
Unknown command.
The killer bee stings you but does no damage.
The orc warrior zaps a wand.
The roots erupt in riotous growth!
The killer bee is unaffected.
The grasping roots grab you! The grasping roots constrict you.
You hear a bellow!
You hear a shout! x4
Unknown command.
Casting: Static Discharge (safe; 1% risk of failure)
Confirm with . or Enter, or press ? or * to list all spells.
You feel a surge of power!
The killer bee is struck by an arc of lightning.
The killer bee is moderately wounded.
You resist.
You are struck by an arc of lightning.
The killer bee is struck by an arc of lightning!
The killer bee is severely wounded.
The orc warrior is struck by an arc of lightning.
You kill the orc warrior!
Vehumet accepts your kill.
The lightning grounds out.
The killer bee stings you!
* * * LOW HITPOINT WARNING * * *
The killer bee stings you.
* * * LOW HITPOINT WARNING * * *
You are poisoned.
The killer bee poisons you!
A yak comes into view.
The grasping roots constrict you.
* * * LOW HITPOINT WARNING * * *
Unknown command.
You escape the roots grasp.
You feel sick. The killer bee stings you.
* * * LOW HITPOINT WARNING * * *
Unknown command.
Okay, then.
Your system rejects the healing.
You feel better. The killer bee closely misses you. The killer bee stings you.
You die...

#..##..#
#..##..#
#..##..#
#..##..#
#..##..# #
#†.##..# .#
#..##..# ..#
#<.##..###...##.
#....@y.........
#..#####Y#####..
#..# ...o #..#
..###.# #..# ##.
# #..# $z #...
#. #..# ..


You could see a yak and a killer bee.

Vanquished Creatures
  A hornet (D:8)
  Grinder (D:5)
  A yak (D:8)
  A shadow (D:7)
  2 wyverns
  A vampire mosquito (D:9)
  Menkaure (D:7)
  A water moccasin (D:5)
  4 ice beasts
  An orc warrior (D:9)
  A sky beast (D:6)
  2 black bears
  2 kobold brigands (D:6)
  Blork the orc (D:6)
  3 bullfrogs
  2 wyvern zombies (D:6)
  2 scorpions
  2 necrophages (D:6)
  19 wights
  2 bullfrog zombies (D:6)
  A centaur zombie (D:6)
  A howler monkey (D:9)
  A human zombie (D:6)
  An orc priest (D:7)
  3 hounds
  Jessica (D:2)
  3 sleepcaps
  An orc wizard (D:6)
  3 mummies (D:6)
  A gnoll (D:1)
  7 adders
  A shadow imp (D:6)
  3 white imps
  4 ufetubi
  3 worms
  5 dart slugs
  8 orcs
  A ball python (D:2)
  A bat (D:1)
  8 endoplasms
  2 giant cockroaches (D:2)
  10 goblins
  4 hobgoblins
  5 quokkas
  5 frilled lizards
  12 kobolds
  A rat (D:1)
146 creatures vanquished.

Vanquished Creatures (others)
  23 plants
23 creatures vanquished.

Grand Total: 169 creatures vanquished

Notes
Turn   | Place    | Note
-------+----------+-------------------------------------------
     0 | D:1      | browni3141 the Vine Stalker Air Elementalist began the
                  | quest for the Orb.
     0 | D:1      | Reached XP level 1. HP: 9/9 MP: 4/4
   168 | D:1      | Reached skill level 1 in Fighting
   267 | D:1      | Reached XP level 2. HP: 14/14 MP: 0/6
   388 | D:1      | Learned a level 2 spell: Static Discharge
   512 | D:1      | Found a faded altar of an unknown god.
   778 | D:1      | Reached XP level 3. HP: 18/18 MP: 4/7
  1386 | D:2      | Reached skill level 4 in Air Magic
  1512 | D:2      | Gained mutation: Your natural rate of healing is unusually
                  | fast. [Vine Stalker growth]
  1512 | D:2      | Reached XP level 4. HP: 23/23 MP: 6/8
  1817 | D:2      | Noticed Jessica
  1821 | D:2      | Killed Jessica
  2435 | D:2      | Identified a scroll of acquirement
  2439 | D:2      | Acquired a staff of air
  2461 | D:3      | Reached XP level 5. HP: 26/26 MP: 5/10
  2465 | D:3      | Learned a level 3 spell: Swiftness
  3392 | D:4      | Found Ciriwify's Book Emporium.
  3624 | D:4      | Found a snail-covered altar of Cheibriados.
  3697 | D:4      | Found a burning altar of Makhleb.
  3697 | D:4      | Noticed a balrug
  3727 | D:5      | Entered Level 5 of the Dungeon
  3737 | D:5      | Noticed a water moccasin
  3742 | D:5      | Noticed a black bear
  3748 | D:5      | Reached XP level 6. HP: 29/30 MP: 2/11
  3985 | D:5      | Reached skill level 5 in Air Magic
  4211 | D:5      | Noticed Grinder
  4211 | D:5      | Noticed an ice beast
  4235 | D:4      | Learned a level 4 spell: Airstrike
  4289 | D:5      | Killed an ice beast
  4552 | D:5      | Killed Grinder
  4553 | D:5      | Reached skill level 6 in Air Magic
  4553 | D:5      | Reached XP level 7. HP: 8/35 MP: 8/12
  4784 | D:6      | Reached skill level 5 in Stealth
  4790 | D:6      | Gained mutation: You have razor-sharp teeth. [Vine Stalker
                  | growth]
  4790 | D:6      | Reached XP level 8. HP: 7/40 MP: 0/13
  5442 | D:6      | Reached skill level 7 in Air Magic
  5444 | D:6      | Reached skill level 1 in Short Blades
  5602 | D:6      | Found a glowing silver altar of Zin.
  5764 | D:6      | Noticed Blork the orc
  5769 | D:6      | Killed Blork the orc
  5770 | D:6      | Reached skill level 8 in Air Magic
  5877 | D:6      | Found Buriduss's Distillery.
  5888 | D:6      | Reached XP level 9. HP: 44/44 MP: 14/14
  5954 | D:6      | Found a staircase to the Ecumenical Temple.
  5961 | Temple   | Entered the Ecumenical Temple
  6085 | Temple   | Became a worshipper of Vehumet
  6243 | D:6      | Found a shimmering altar of Xom.
  6372 | D:6      | Found an ancient bone altar of Kikubaaqudgha.
  6813 | D:6      | Reached skill level 9 in Air Magic
  7361 | D:7      | Reached skill level 10 in Air Magic
  7446 | D:7      | Found Xetzi's Weapon Shoppe.
  7591 | D:7      | Reached * piety under Vehumet
  7591 | D:7      | Offered knowledge of Foxfire by Vehumet.
  7721 | D:7      | Noticed Menkaure
  7726 | D:7      | Killed Menkaure
  8544 | D:7      | Found a hazy altar of Hepliaklqana.
  8683 | D:8      | Reached skill level 11 in Air Magic
  8752 | D:8      | Identified the +1 pair of boots of Cefa {+Blink rElec rN+
                  | Stlth-}
  8898 | D:8      | Reached skill level 1 in Evocations
  8951 | D:8      | Reached XP level 10. HP: 46/49 MP: 15/15
  9958 | D:9      | Offered knowledge of Magic Dart by Vehumet.
  9960 | D:9      | Reached ** piety under Vehumet
  9961 | D:9      | HP: 1/49 [killer bee (5)]
  9962 | D:9      | Slain by a killer bee

Illustrated notes

Levels and vault maps discovered:
D:1:      roderic_chinese_lattice_arrival, layout_rooms, serial_glass,
          glass_columns_a, glass_columns_a,
          shapermc_ecumenical_altar_flowoftime, minivault_14
D:2:      layout_basic, uniq_jessica
D:3:      layout_basic
D:4:      nicolae_BIG_FREAKIN_CUBE, layout_rooms, makhleb_altar_promises_db,
          cheibrodos_worm_habitat, serial_shops, nicolae_lakefront_shop
D:5:      layout_gridville, uniq_grinder
D:6:      layout_basic, lemuel_mausoleum_altar_kikubaaqudgha,
          mainiacjoe_overflow_cross_hatched, lemuel_tele_altar, temple_doors_e,
          serial_shops, nicolae_shop_waterfront, minmay_unpleasant_kobolds,
          uniq_blork_the_orc
D:7:      layout_loops_corners, kennysheep_mini, serial_shops,
          nicolae_shop_bloodbath_and_beyond, roderic_serpentine_path,
          uniq_menkaure
D:8:      layout_loops_ring
D:9:      minmay_the_grid_net [minmay_the_grid_minigrid_small,
          minmay_the_grid_embedded, minmay_the_grid_small_cups,
          minmay_the_grid_empty, minmay_the_grid_plusring,
          minmay_the_grid_prize_shrinking_boxes], layout_long_grid,
          nicolae_overflow_crystal_walls, amcnicky_altar_gilded,
          lair_entry_dummy, serial_ice, serial_ice_b, serial_ice_l,
          serial_ice_o, serial_ice_m, serial_ice_g, serial_ice_h
Temple:   nicolae_temple_two_arcs

Skill      XL: |  1  2  3  4  5  6  7  8  9 10 |
---------------+-------------------------------+-----
Fighting       | 1 2 3 |  3.0
Air Magic      | 4 6 8 11 | 11.9
Spellcasting   | 3 |  3.0
Conjurations   | 2 4 |  4.0
Dodging        | 2 |  2.0
Stealth        | 5 |  5.0
Short Blades   | 4 |  4.0
Evocations     | 1 3 |  3.8

Action                     |  1- 3 |  4- 6 |  7- 9 | 10-12 || total
---------------------------+-------+-------+-------+-------++-------
  Melee: Short sword       |     7 |       |       |       ||     7
         Bite              |     2 |       |    10 |       ||    12
         Staff             |       |     6 |    17 |       ||    23
         Dagger            |       |       |    27 |       ||    27
         Punch             |       |       |     1 |       ||     1
   Cast: Shock             |    70 |   109 |   187 |    41 ||   407
         Static Discharge  |     1 |     6 |    31 |    10 ||    48
         Airstrike         |       |       |     3 |     3 ||     6
    Use: Scroll            |       |    10 |       |       ||    10
         Potion            |       |     1 |       |     1 ||     2
   Stab: Sleeping          |       |       |     1 |       ||     1
 Armour: Robe              |     2 |     1 |    31 |     4 ||    38
  Dodge: Dodged            |     8 |    22 |    86 |    23 ||   139

Table legend: (Time is in decaauts)
 A = Elapsed time spent in this place.
 B = Non-inter-level travel time spent in this place.
 C = Inter-level travel time spent in this place.
 D = Time resting spent in this place.
 E = Time spent auto-exploring this place.
 F = Levels seen in this place.
 G = Mean time per level.
                   A        B        C        D        E       F      G
               +--------+--------+--------+--------+--------+-----+--------+
         Total |   9968 |   9512 |    456 |    356 |   8033 |  10 |  996.8 |
       Dungeon |   9834 |   9400 |    434 |    356 |   7929 |   9 | 1092.7 |
        Temple |    134 |    112 |     22 |      0 |    104 |   1 |  134.0 |
               +--------+--------+--------+--------+--------+-----+--------+

Top non-repeatable levels by time:
     D:6: 1739 daAuts
     D:5: 1592 daAuts
     D:7: 1392 daAuts
     D:2: 1243 daAuts
     D:8: 1237 daAuts
     D:1: 1198 daAuts
     D:3: 719 daAuts
     D:4: 663 daAuts
  Temple: 134 daAuts
     D:9: 47 daAuts
